 Dungeon Crawl Stone Soup version 0.32-a0-17-gb74e046682 (webtiles) character file.

Game seed: 3727480547005327120

730 runemasterragnar the Ruffian (level 7, -2/70 HPs)
             Began as a Troll Shapeshifter on Jan 15, 2024.
             Slain by Ijyb
             ... wielding a +0 dagger
              (3 damage)
             ... while paralysed by Ijyb
             ... on level 5 of the Dungeon on Jan 16, 2024.
             The game lasted 00:04:00 (3338 turns).

runemasterragnar the Ruffian (Troll Shapeshifter)   Turns: 3338, Time: 00:04:01

Health: -2/70      AC:  4    Str: 23    XL:     7   Next: 44%
Magic:  6/6        EV:  1    Int:  8    God:
Gold:   226        SH:  0    Dex:  9    Spells: 6/6 levels left

rFire   . .          .
                       - Unarmed
rCold   . . .        (no shield)
rNeg    . . .        a - +0 animal skin
rPois   .            (helmet currently unavailable)
rElec   .            (cloak currently unavailable)
rCorr   .            (gloves unavailable)
SInv    .            (boots unavailable)
Will    .....        (no amulet)
Stlth   +            (no ring)
HPRegen 1.11/turn    (no ring)
MPRegen 0.10/turn

%: no passive effects
@: paralysed, beast-form, hasted, invisible
A: beast (slay +2), large, unfitting armour, claws 3, regeneration 1, shaggy fur
1, tough skin 1
a: Begin Untransformation


You were on level 5 of the Dungeon.
You were a hulking beast.
You visited 2 branches of the dungeon, and saw 6 of its levels.

You collected 226 gold pieces.

Inventory:

Armour
 a - a +0 animal skin (worn)
 s - an orb of mayhem
Talismans
 c - a beast talisman
 d - a flux talisman
Scrolls
 e - 3 scrolls of amnesia {unknown}
 g - a scroll of blinking {unknown}
 h - a scroll of noise {unknown}
 j - 2 scrolls of immolation {unknown}
 m - a scroll of brand weapon {unknown}
 n - 2 scrolls of teleportation {unknown}
 q - a scroll of vulnerability {unknown}
 u - a scroll of poison {unknown}
Potions
 i - a potion of mutation
 k - 2 potions of resistance
 l - a potion of ambrosia {unknown}
 p - a potion of degeneration
 r - 2 potions of curing


   Skills:
 * Level 4.2 Fighting
 - Level 1.5 Dodging
 * Level 6.0 Unarmed Combat
 + Level 4.4 Shapeshifting


You had 6 spell levels left.
You didn't know any spells.
Your spell library was empty.

Dungeon Overview and Level Annotations

Branches:
Dungeon (5/15)             Temple (1/1) D:4

Altars:
Cheibriados
Elyvilon
Fedhas
Gozag
Hepliaklqana
Kikubaaqudgha
Qazlal
Trog
Uskayaw
Vehumet
Wu Jian

Annotations:
D:5 Ijyb, Prince Ribbit


Innate Abilities, Weirdness & Mutations

You are a hulking beast.
Your limbs bulge with bestial killing power. (Slay +2)
You are too large for most types of armour.
You have claws for hands.
Your natural rate of healing is unusually fast.
You are covered in fur. (AC +1)
You have tough skin. (AC +1)


Message History

You smack the ice beast!
You kill the ice beast!
Prince Ribbit hits you but does no damage.
Your Unarmed Combat skill increases to level 6!
You smack the orc priest!
The orc priest is almost dead.
You closely miss the orc priest.
The orc priest is almost dead.
Prince Ribbit hits you!
The orc priest hits you but does no damage.
A quokka comes into view.
You smack the orc priest!
You kill the orc priest!
Prince Ribbit hits you but does no damage.
You miss Prince Ribbit.
The sentinel's mark upon you fades away.
Prince Ribbit hits you but does no damage.
You smack Prince Ribbit!
Prince Ribbit is moderately wounded.
Prince Ribbit says, "You're just another fly to me."
Prince Ribbit blinks!
An iguana comes into view.
Ijyb hits you but does no damage.
You smack Prince Ribbit!
Prince Ribbit is severely wounded.
Prince Ribbit hops awkwardly around.
Prince Ribbit hits you but does no damage.
You hit Prince Ribbit.
Prince Ribbit is severely wounded.
You feel less wooden.
Your +0 animal skin unmelds from your body.
You turn into a hulking beast.
Ijyb hits you with a +0 dagger. Prince Ribbit hits you!
* * * LOW HITPOINT WARNING * * *
You fade into invisibility!
Ijyb zaps a wand.
You suddenly lose the ability to move!
Prince Ribbit blinks!
Prince Ribbit hits you!
* * * LOW HITPOINT WARNING * * *
Ijyb hits you with a +0 dagger.
You die...

######...
#or.O..o.
#l# #s#
#g# #h#
#F# #.#
#.# #.#
#.# #.##
#..# ##.#


You could see Prince Ribbit (unable to see you), Ijyb (unable to see you), a
scorpion (unable to see you), an iguana (unable to see you), an orc (unable to
see you) and a quokka (unable to see you).

Vanquished Creatures
  Sigmund (D:2)
  A black bear (D:5)
  An ice beast (D:5)
  An ogre (D:5)
  2 hounds (D:3)
  2 orc priests (D:5)
  An iguana (D:4)
  A gnoll (D:3)
  6 adders
  A dart slug (D:4)
  11 orcs
  5 bats
  7 endoplasms
  7 giant cockroaches
  6 goblins
  5 hobgoblins
  5 jackals (D:1)
  6 kobolds
  4 quokkas
  4 ball pythons
  6 frilled lizards
  5 rats
88 creatures vanquished.

Notes
Turn   | Place    | Note
-------+----------+-------------------------------------------
     0 | D:1      | runemasterragnar the Troll Shapeshifter began the quest for
                  | the Orb.
     0 | D:1      | Reached XP level 1. HP: 18/18 MP: 0/0
    50 | D:1      | Reached skill level 1 in Fighting
   141 | D:1      | Reached XP level 2. HP: 27/27 MP: 1/1
   820 | D:2      | Reached XP level 3. HP: 32/33 MP: 2/2
  1409 | D:2      | Noticed Sigmund
  1439 | D:2      | Killed Sigmund
  1440 | D:2      | Reached skill level 4 in Unarmed Combat
  1440 | D:2      | Reached XP level 4. HP: 28/44 MP: 3/3
  1440 | D:2      | Reached XP level 5. HP: 33/52 MP: 4/4
  1975 | D:3      | Found a hide-covered altar of Uskayaw.
  1975 | D:3      | Found a white marble altar of Elyvilon.
  2124 | D:3      | Reached XP level 6. HP: 37/61 MP: 5/5
  2563 | D:4      | Reached skill level 5 in Unarmed Combat
  2644 | D:4      | Found an ornate altar of the Wu Jian Council.
  2718 | D:4      | Found a staircase to the Ecumenical Temple.
  2730 | Temple   | Entered the Ecumenical Temple
  3180 | D:5      | Entered Level 5 of the Dungeon
  3309 | D:5      | Reached XP level 7. HP: 68/68 MP: 6/6
  3312 | D:5      | Noticed Prince Ribbit
  3314 | D:5      | Noticed Ijyb
  3330 | D:5      | Reached skill level 6 in Unarmed Combat
  3337 | D:5      | Paralysed by Ijyb for 2 turns
  3338 | D:5      | HP: 1/70 [Prince Ribbit (11)]
  3338 | D:5      | Slain by Ijyb

Illustrated notes

Levels and vault maps discovered:
D:1:      heliophobic_arrival_henge, layout_loops_ring, chequers_mini_garden
D:2:      layout_basic, uniq_sigmund
D:3:      layout_loops_corners, gammafunk_temple_overflow_pools,
          cheibrodos_gnoll_hut
D:4:      layout_basic, nzn_wu_jian_contemplation,
          minmay_temple_entry_purple_smoke, serial_glass, glass_columns_b,
          glass_columns_c, minmay_lizard_king
D:5:      lemuel_ratsnest, layout_loops_ring, nicolae_tso_swordbearing_angel,
          uniq_ijyb, uniq_prince_ribbit1
Temple:   hellmonk_temple_flake

Skill      XL: |  1  2  3  4  5  6  7 |
---------------+----------------------+-----
Fighting       | 1 2 3 4 |  4.2
Unarmed Combat | 4 5 6 |  6.0
Shapeshifting  | 4 |  4.4
Dodging        | |  1.5

Action                     |  1- 3 |  4- 6 |  7- 9 || total
---------------------------+-------+-------+-------++-------
  Melee: Unarmed           |    81 |   101 |    26 ||   208
         Punch             |       |       |     1 ||     1
    Use: Potion            |     2 |     1 |     2 ||     5
         Scroll            |       |     5 |       ||     5
 Armour: Animal skin       |    58 |    71 |     4 ||   133
         Skin              |       |     9 |    27 ||    36
  Dodge: Dodged            |    29 |    34 |       ||    63

Table legend: (Time is in decaauts)
 A = Elapsed time spent in this place.
 B = Non-inter-level travel time spent in this place.
 C = Inter-level travel time spent in this place.
 D = Time resting spent in this place.
 E = Time spent auto-exploring this place.
 F = Levels seen in this place.
 G = Mean time per level.
                   A        B        C        D        E       F      G
               +--------+--------+--------+--------+--------+-----+--------+
         Total |   3315 |   3162 |    153 |      0 |   2694 |   6 |  552.5 |
       Dungeon |   3313 |   3160 |    153 |      0 |   2694 |   5 |  662.6 |
        Temple |      1 |      1 |      0 |      0 |      0 |   1 |    1.0 |
               +--------+--------+--------+--------+--------+-----+--------+

Top non-repeatable levels by time:
     D:3: 880 daAuts
     D:2: 836 daAuts
     D:1: 781 daAuts
     D:4: 665 daAuts
     D:5: 148 daAuts
  Temple: 1 daAuts
